 Dungeon Crawl Stone Soup version 0.30-a0-1053-gbd8d5ba0ad (webtiles) character file.

Game seed: 3495392462486940294

8332 Darkkill the Fighter (level 11, -2/101 HPs)
             Began as a Minotaur Hunter on Apr 11, 2023.
             Was an Initiate of Gozag.
             Slain by a skeletal warrior
             ... wielding a +0 hand axe
              (24 damage)
             ... on level 10 of the Dungeon.
             The game lasted 00:20:27 (9424 turns).

Darkkill the Fighter (Minotaur Hunter)              Turns: 9424, Time: 00:20:27

Health: -2/101     AC: 14    Str: 16    XL:     11   Next: 8%
Magic:  10/10      EV: 15    Int:  8    God:    Gozag
Gold:   62         SH:  0    Dex: 18    Spells: 10/10 levels left

rFire   . . .      SeeInvis +    a - +1 arbalest (freeze)
rCold   . . .      Faith    .    (shield currently unavailable)
rNeg    . . .      Spirit   .    n - +0 shadow dragon scales
rPois   .          Reflect  .    (helmet restricted)
rElec   .          Rampage  .    (no cloak)
rCorr   .                        d - +2 pair of gloves
Will    +....                    (no boots)
Stlth   +++++                    (no amulet)
HPRegen 0.36/turn                h - +5 ring of evasion
MPRegen 0.12/turn                m - ring of Starshine {Will+ Int+2 SInv}

@: gold aura, slowed, very slow
A: horns 2, retaliatory headbutt
a: Renounce Religion, Potion Petition, Call Merchant, Bribe Branch


You were on level 10 of the Dungeon.
You worshipped Gozag.
Gozag was noncommittal.
You visited 1 branch of the dungeon, and saw 10 of its levels.
You also visited: Bailey.

You collected 2710 gold pieces.
You spent 276 gold pieces at shops.
You paid 2372 gold pieces to Gozag.

Inventory:

Hand Weapons
 a - a +1 arbalest of freezing (weapon)
Missiles
 e - 20 poisoned darts
 g - 59 stones
 q - 3 silver boomerangs
 t - 22 boomerangs
 w - a curare-tipped dart {=f !f}
Armour
 d - a +2 pair of gloves (worn)
 n - +0 shadow dragon scales (worn)
Jewellery
 h - a +5 ring of evasion (left hand)
 k - an amulet of magic regeneration
 m - the ring of Starshine (right hand) {Will+ Int+2 SInv}
   (You found it on level 3 of the Dungeon)

   [ring of see invisible]

   Int:       It affects your intelligence (+2).
   SInv:      It lets you see invisible.
   Will:      It increases your willpower.
Wands
 l - a wand of flame (26)
 v - a wand of digging (5)
Scrolls
 b - 4 scrolls of immolation
 c - a scroll of identify {@r1}
 i - a scroll of fear
 x - a scroll of amnesia
 C - 2 scrolls of fog
 H - a scroll of magic mapping
Potions
 f - 3 potions of attraction
 o - a potion of berserk rage
 p - a potion of might
 r - 3 potions of resistance
 s - a potion of brilliance
 u - a potion of haste {unknown}
 z - 2 potions of invisibility
 A - a potion of magic {unknown}
 B - a potion of cancellation {unknown}
 E - 2 potions of mutation
Miscellaneous
 j - a tin of tremorstones (inert)
 G - a phantom mirror (inert)


   Skills:
 + Level 10.5 Fighting
 + Level 10.5 Ranged Weapons
 + Level 9.7 Dodging
 + Level 7.9 Stealth


You had 10 spell levels left.
You didn't know any spells.
Your spell library contained the following spells:

 Spells                   Type           Power      Damage    Failure   Level
 Apportation              Tloc           0%         N/A       100%        1
 Beastly Appendage        Tmut           0%         N/A       100%        1
 Necrotise                Necr           0%         1d4       100%        1
 Summon Small Mammal      Summ           0%         N/A       100%        1
 Wereblood                Tmut           0%         N/A       100%        2
 Inner Flame              Hex/Fire       0%         N/A       100%        3
 Vampiric Draining        Necr           0%         2d6       100%        3
 Petrify                  Tmut/Erth      0%         N/A       100%        4
 Agony                    Necr           0%         N/A       100%        5
 Yara's Violent Unravell  Hex/Tmut       0%         3d3       100%        5
 Enfeeble                 Hex            0%         N/A       100%        7


Dungeon Overview and Level Annotations

Branches:
Dungeon (10/15)            Temple (0/1) D:5          Bailey (visited)
   Lair: D:8-11         Orc: D:9-12

Altars:
Dithmenos
Fedhas
Gozag
Qazlal
Sif Muna
Trog
Vehumet
Xom
Yredelemnul
Zin
The Shining One

Shops:
D:3 *   D:7 (   D:8 [!:**

Annotations:
D:9 5 runed translucent doors, GigaChad's ghost, journeyman FoFi


Innate Abilities, Weirdness & Mutations

You have a pair of horns on your head.
You reflexively headbutt those who attack you in melee.


Message History

You shoot a bolt. The bolt hits the flying skull!
The flying skull is almost destroyed.
The wraith is no longer distracted by gold.
The flying skull hits you but does no damage.
The flying skull closely misses you. x2; The flying skull barely misses you.
The wraith hits you but does no damage. The wraith completely misses you.
You furiously retaliate!
You headbutt the wraith. You shoot a bolt.
The bolt barely misses the flying skull.
The bolt hits the centaur warrior skeleton!
The centaur warrior skeleton is lightly damaged.
The flying skull hits you but does no damage.
The flying skull closely misses you. The wraith barely misses you.
You furiously retaliate!
You headbutt the wraith. The wraith barely misses you.
The flying skull hits you. The wraith hits you but does no damage.
The wraith closely misses you. The flying skull hits you! The wraith hits you!
The wraith drains your vigour!
You feel as though you will be slow longer.
The wraith hits you but does no damage.
The flying skull hits you but does no damage.
You shoot a bolt. The bolt hits the wraith!
The bolt freezes the wraith.
You destroy the wraith!
The flying skull misses you. The flying skull hits you. The wraith hits you.
The wraith drains your vigour!
You feel as though you will be slow longer.
The wraith hits you but does no damage. The flying skull barely misses you.
The wraith closely misses you. You furiously retaliate!
You headbutt the wraith! The flying skull hits you.
A wraith comes into view.
The centaur warrior zombie is distracted by your dazzling golden aura.
The flying skull hits you but does no damage.
The wraith closely misses you.
The flying skull hits you but does no damage.
The wraith misses you.
You see here 7 gold pieces.
You shoot a bolt. The bolt closely misses the wraith.
The bolt hits the centaur warrior zombie.
The centaur warrior zombie is lightly damaged.
The centaur warrior zombie is no longer distracted by gold.
The flying skull hits you! The flying skull misses you.
The centaur skeleton is distracted by your dazzling golden aura.
The flying skull hits you but does no damage.
A skeletal warrior comes into view. It is wielding a +0 hand axe.
The flying skull barely misses you. The wraith hits you but does no damage.
A centaur warrior zombie comes into view.
The flying skull barely misses you. The wraith misses you.
The flying skull misses you. The wraith attacks as you move away!
The wraith hits you but does no damage.
The flying skull hits you but does no damage.
The wraith hits you but does no damage. The flying skull hits you.
The wraith hits you. The wraith drains your vigour!
You feel as though you will be slow longer.
The flying skull attacks as you move away!
The flying skull hits you but does no damage.
The flying skull completely misses you. You furiously retaliate!
You headbutt the flying skull, but do no damage.
The flying skull closely misses you.
The skeletal warrior hits you with a +0 hand axe.
The flying skull misses you.
The skeletal warrior attacks as you move away!
The skeletal warrior misses you. You furiously retaliate!
You headbutt the skeletal warrior. The flying skull misses you.
The flying skull hits you but does no damage.
A hornet comes into view.
The flying skull hits you! The flying skull hits you.
The skeletal warrior hits you with a +0 hand axe!
* * * LOW HITPOINT WARNING * * *
The wraith closely misses you. The flying skull misses you.
You furiously retaliate!
You headbutt the flying skull!
You destroy the flying skull!
The skeletal warrior attacks as you move away!
The skeletal warrior hits you but does no damage.
The wraith attacks as you move away! The wraith closely misses you.
You furiously retaliate!
You headbutt the wraith!
You can't see any enemies this would affect, really read the scroll of fear?
Okay, then. [a] - 560 gold - haste and resistance [b] - 338 gold - heal wounds and magic [c] - 250 gold - heal wounds and berserk rage Purchase which effect?
You no longer have enough gold to petition Gozag for potion effects.
You feel much better. Magic courses through your body.
The centaur warrior zombie completely misses you.
You furiously retaliate!
You headbutt the centaur warrior zombie!
The centaur warrior zombie kicks you but does no damage.
The skeletal warrior hits you with a +0 hand axe!
The skeletal warrior barely misses you. The wraith attacks as you move away!
The wraith barely misses you.
The skeletal warrior attacks as you move away!
The skeletal warrior hits you with a +0 hand axe!
* * * LOW HITPOINT WARNING * * *
The centaur warrior zombie is distracted by your dazzling golden aura.
The centaur warrior zombie is no longer distracted by gold.
The skeletal warrior hits you with a +0 hand axe.
* * * LOW HITPOINT WARNING * * *
The skeletal warrior hits you with a +0 hand axe!!
You die...
Your body crumbles into a pile of gold.

......#≈~≈~≈#...........#
.##....#≈≈~≈≈#....#..###.#
.......###'###.......###.##.
#.... #........#..#......
#....####......$.......# #
#........#.....W##.###.#.#
#...........###Z#........#
#...........###zW.....####
#............)@.).)....#
#######.....####..)....#
#.....####.......#
...................#
#..........###......##
#...........##.......#
#....>......##.......#
............########.#
............# ...


You could see a skeletal warrior, 2 wraiths and a centaur warrior zombie.

Vanquished Creatures
  A boulder beetle (D:9)
  An ugly thing (D:9)
  A hornet (D:9)
  3 flying skulls (D:10)
  3 shadows
  2 wraiths
  4 yaks (D:9)
  2 wyverns (D:10)
  Grum (D:8)
  2 steam dragons
  An acid dragon (D:9)
  2 sky beasts (D:7)
  An ice beast (D:8)
  8 orc warriors
  A black bear (D:4)
  4 wolves (D:8)
  3 ogres
  5 centaurs
  2 kobold brigands
  A scorpion (D:4)
  3 bullfrogs
  2 gnoll sergeants (D:9)
  11 wights
  5 killer bees
  A howler monkey (D:9)
  4 hounds
  3 jellies
  3 orc priests
  Jessica (D:2)
  2 sleepcaps
  7 iguanas
  8 orc wizards
  16 gnolls
  14 adders
  2 white imps
  4 worms
  A dart slug (D:2)
  25 orcs
  8 bats
  7 endoplasms
  6 giant cockroaches
  8 goblins
  9 hobgoblins
  7 jackals (D:1)
  4 quokkas
  11 ball pythons
  23 kobolds
  7 rats
250 creatures vanquished.

Vanquished Creatures (others)
  10 plants (D:9)
10 creatures vanquished.

Grand Total: 260 creatures vanquished

Notes
Turn   | Place    | Note
-------+----------+-------------------------------------------
     0 | D:1      | Darkkill the Minotaur Hunter began the quest for the Orb.
     0 | D:1      | Reached XP level 1. HP: 18/18 MP: 0/0
     1 | D:1      | Found a runed translucent door.
    69 | D:1      | Reached skill level 1 in Stealth
   100 | D:1      | Reached XP level 2. HP: 25/25 MP: 1/1
   291 | D:1      | Reached XP level 3. HP: 30/31 MP: 2/2
   576 | D:2      | Reached XP level 4. HP: 38/38 MP: 3/3
   667 | D:2      | Found a faded altar of an unknown god.
   710 | D:2      | Reached skill level 5 in Ranged Weapons
   825 | D:2      | Noticed Jessica
   829 | D:2      | HP: 5/38 [Jessica/puff of flame (10)]
   830 | D:2      | Killed Jessica
   904 | D:2      | Reached XP level 5. HP: 29/46 MP: 4/4
  1420 | D:3      | Found Gozag's Platinum Reserve.
  1466 | D:3      | Identified the ring of Starshine {Will+ Int+2 SInv}
  1673 | D:3      | Found an opulent altar of Gozag.
  1775 | D:3      | Became a worshipper of Gozag Ym Sagoz the Greedy
  2024 | D:4      | Reached XP level 6. HP: 52/52 MP: 5/5
  2171 | D:4      | Identified the +3 leather armour "Ugoto" {Rampage Dex+2}
  2181 | D:4      | Reached skill level 5 in Fighting
  2181 | D:4      | Reached XP level 7. HP: 53/61 MP: 6/6
  2665 | D:4      | Found a glowing golden altar of the Shining One.
  2738 | D:5      | Entered Level 5 of the Dungeon
  2795 | D:5      | Reached skill level 5 in Dodging
  3102 | D:5      | Found a shimmering blue altar of Sif Muna.
  3102 | D:5      | Found a blossoming altar of Fedhas.
  3102 | D:5      | Found a basalt altar of Yredelemnul.
  3177 | D:5      | Reached XP level 8. HP: 55/70 MP: 7/7
  3259 | D:5      | Found a staircase to the Ecumenical Temple.
  3639 | D:6      | Found a shadowy altar of Dithmenos.
  3811 | D:6      | Identified the +1 ring mail of Gannil {Harm Int+3 Dex-2}
  4330 | D:7      | Reached skill level 5 in Stealth
  4625 | D:7      | Reached XP level 9. HP: 79/79 MP: 8/8
  5416 | D:7      | Bought a glowing shortbow for 150 gold pieces
  5536 | D:8      | Found a large runed translucent door.
  5536 | D:8      | Found a large runed translucent door.
  5878 | D:8      | Found Volitapn's Demolitions Depot.
  5977 | D:8      | Found a flagged portal.
  5988 | Bailey   | Entered a bailey
  6015 | Bailey   | Noticed an orc warlord
  6170 | Bailey   | Found a runed translucent gate.
  6171 | Bailey   | Found a runed translucent gate.
  6172 | Bailey   | Found a runed translucent gate.
  6375 | Bailey   | HP: 1/82 [orc warlord/+4 battleaxe (18)]
  6550 | D:8      | Acquired 854 gold pieces
  6644 | D:8      | Found Biqu's Book Emporium.
  6647 | D:8      | Noticed Grum
  6662 | D:8      | Killed Grum
  6901 | D:8      | Found Hofesk's Armour Boutique.
  7057 | D:8      | Found Zeugh's Distillery.
  7067 | D:8      | Bought a potion of curing for 42 gold pieces
  7067 | D:8      | Bought a potion of curing for 42 gold pieces
  7067 | D:8      | Bought a potion of curing for 42 gold pieces
  7177 | D:8      | Found a radiant altar of Vehumet.
  7196 | D:8      | Reached XP level 10. HP: 51/91 MP: 9/9
  7316 | D:8      | Found a stormy altar of Qazlal.
  7525 | D:9      | Found a bloodstained altar of Trog.
  7551 | D:9      | Found a large runed translucent door.
  7552 | D:9      | Found a large runed translucent door.
  7693 | D:9      | Noticed a boulder beetle
  7714 | D:9      | HP: 7/91 [gnoll sergeant/+2 heavy trident (18)]
  7730 | D:9      | Found a large runed translucent door.
  7730 | D:9      | Found a large runed translucent door.
  7730 | D:9      | Noticed a two-headed ogre
  7904 | D:9      | Found a runed translucent door.
  7904 | D:9      | Found a shimmering altar of Xom.
  7904 | D:9      | Noticed GigaChad's ghost (journeyman FoFi)
  7905 | D:9      | Noticed a +2 broad axe of chaos
  8579 | D:9      | Killed a boulder beetle
  8580 | D:9      | Reached skill level 10 in Fighting
  8580 | D:9      | Reached skill level 10 in Ranged Weapons
  8632 | D:9      | Noticed a purple ugly thing
  8643 | D:9      | HP: 14/93 [purple ugly thing (11)]
  8649 | D:9      | Killed a purple ugly thing
  8907 | D:9      | Got the Grimoire of Shapeshifting
  8945 | D:9      | Found a glowing silver altar of Zin.
  9221 | D:9      | Acquired a +1 arbalest of freezing
  9290 | D:10     | Entered Level 10 of the Dungeon
  9360 | D:10     | Reached XP level 11. HP: 101/101 MP: 10/10
  9410 | D:10     | Noticed a skeletal warrior
  9424 | D:10     | Slain by a skeletal warrior

Illustrated notes

Levels and vault maps discovered:
D:1:      dpeg_arrival_caged_fury, layout_rooms
D:2:      layout_basic, chequers_ecumenical_altar_twisty, minmay_surrounded,
          uniq_jessica
D:3:      layout_basic, nicolae_gozag_zags_fifth_avenue
D:4:      layout_basic, tso_oasis_becter
D:5:      layout_rooms, gammafunk_temple_overflow_claw,
          minmay_temple_entry_gardened_gates
D:6:      layout_loops_ring, nicolae_dithmenos_shadow_blocks
D:7:      layout_layer_cave
D:8:      layout_loops_ring, jmf_multi_god_temple2, enter_bailey_2,
          serial_shops, nicolae_square_shop, kennysheep_mini_moat,
          nicolae_shop_temple_entry_statues_fountains, nicolae_blasting_shop,
          uniq_grum
D:9:      layout_irregular_city, zin_scriptorium, trog_three_pillars_becter,
          serial_rivers, chequers_serial_rivers_large_b,
          chequers_serial_rivers_small_a, chequers_serial_rivers_marsh,
          chequers_serial_rivers_small_b, chequers_serial_rivers_small_a,
          ebering_ghost_xom, minmay_misc_feat_cross, chequers_decorated_corner,
          serial_bayou_ford_a, minmay_hollow_rounded_squares
D:10:     hangedman_screamer, layout_basic, chequers_serial_rivers_room_b

Skill      XL: |  1  2  3  4  5  6  7  8  9 10 |
---------------+-------------------------------+-----
Stealth        | 1 2 3 4 5 6 7 |  7.9
Fighting       | 3 4 5 7 9 10 | 10.5
Dodging        | 3 4 5 6 8 9 |  9.7
Ranged Weapons | 5 6 7 9 10 | 10.5

Action                     |  1- 3 |  4- 6 |  7- 9 | 10-12 || total
---------------------------+-------+-------+-------+-------++-------
   Fire: Shortbow          |   103 |   170 |   366 |   195 ||   834
         Arbalest          |       |       |       |    24 ||    24
 Invoke: Potion Petition   |       |       |     1 |     2 ||     3
         Call Merchant     |       |       |     1 |     1 ||     2
  Evoke: Wand              |       |       |     5 |     8 ||    13
         Tin of tremorston |       |       |       |     2 ||     2
         Phantom mirror    |       |       |       |     1 ||     1
    Use: Scroll            |     1 |    10 |    14 |     7 ||    32
         Potion            |       |       |     6 |    10 ||    16
 Armour: Leather armour    |     8 |     9 |     3 |       ||    20
         Shadow dragon sca |       |       |   111 |    85 ||   196
  Dodge: Dodged            |    53 |    49 |   256 |   191 ||   549

Table legend: (Time is in decaauts)
 A = Elapsed time spent in this place.
 B = Non-inter-level travel time spent in this place.
 C = Inter-level travel time spent in this place.
 D = Time resting spent in this place.
 E = Time spent auto-exploring this place.
 F = Levels seen in this place.
 G = Mean time per level.
                   A        B        C        D        E       F      G
               +--------+--------+--------+--------+--------+-----+--------+
         Total |   9909 |   9528 |    381 |    251 |   7284 |  11 |  900.8 |
       Dungeon |   9458 |   9077 |    381 |    251 |   6984 |  10 |  945.8 |
        Bailey |    451 |    451 |      0 |      0 |    300 |   1 |  451.0 |
               +--------+--------+--------+--------+--------+-----+--------+

Top non-repeatable levels by time:
     D:9: 2094 daAuts
     D:8: 1492 daAuts
     D:7: 1396 daAuts
     D:2: 916 daAuts
     D:6: 839 daAuts
     D:4: 766 daAuts
     D:5: 648 daAuts
     D:3: 642 daAuts
     D:1: 492 daAuts
  Bailey: 451 daAuts
    D:10: 169 daAuts

Table legend:
 A = Kills in this place as a percentage of kills in the entire game.
 B = Kills by you in this place as a percentage of kills by you in the entire game.
 C = Kills by friends in this place as a percentage of kills by friends in the entire game.
 D = Other kills in this place as a percentage of other kills in the entire game.
 E = Experience gained in this place as a percentage of experience gained in the entire game.
 F = Experience gained in this place divided by the number of levels of this place that you have seen.
                   A       B       C       D       E      F
               +-------+-------+-------+-------+-------+----------------------
         Total | 100.0 | 100.0 |   N/A |   N/A | 100.0 | 1082.1
       Dungeon |  90.4 |  90.4 |   N/A |   N/A |  94.1 | 1119.5
        Bailey |   9.6 |   9.6 |   N/A |   N/A |   5.9 | 708.0
               +-------+-------+-------+-------+-------+----------------------
